 Dungeon Crawl Stone Soup version 0.30-a0-1116-gebefce21f7 (webtiles) character file.

Game seed: 3053339037044798842

122974 Newt the Champion of Chaos (level 16, -4/134 HPs)
             Began as a Demonspawn Gladiator on Apr 21, 2023.
             Was the Champion of Makhleb.
             Slain by a culicivora (12 damage)
             ... on level 2 of the Spider Nest.
             The game lasted 00:35:42 (25270 turns).

Newt the Champion of Chaos (Demonspawn Gladiator)  Turns: 25270, Time: 00:35:43

Health: -4/134     AC: 15    Str: 24    XL:     16   Next: 35%
Magic:  36/36      EV: 20    Int: 15    God:    Makhleb [******]
Gold:   499        SH:  0    Dex: 15    Spells: 15/15 levels left

rFire   + + .      SeeInvis +    i - +4 flail of Ragnarok {vamp, rPois rF+ rC+ Will+}
rCold   + + .      Faith    .    (no shield)
rNeg    + . .      Spirit   .    c - +4 troll leather armour
rPois   +          Reflect  .    P - +3 hat of Pondering {ponderous, Will+ MP+10 Int+5}
rElec   .          Rampage  .    d - scarf {rC+ rF+}
rCorr   .                        (gloves unavailable)
Will    +++..                    (no boots)
Stlth   +                        (no amulet)
HPRegen 1.22/turn                W - ring of see invisible
MPRegen 0.25/turn                l - ring "Tegyng" {rPois rN+ Slay+3}

@: agile, lethally poisoned (-4 -> -4), about to teleport, slow
A: powered by death 1, powered by pain 2, robust 1, sharp scales 3, demonic
touch 3, low MP 1, strong 1
a: Renounce Religion, Minor Destruction, Lesser Servant of Makhleb, Major
Destruction, Greater Servant of Makhleb


You were on level 2 of the Spider Nest.
You worshipped Makhleb.
Makhleb was exalted by your worship.
You visited 5 branches of the dungeon, and saw 21 of its levels.

You collected 2265 gold pieces.
You spent 1766 gold pieces at shops.

Inventory:

Hand Weapons
 a - a +0 rapier
 h - a +2 short sword of venom
 i - the +4 flail of Ragnarok (weapon) {vamp, rPois rF+ rC+ Will+}
   (You bought it in a shop on level 2 of the Orcish Mines)

   rF:        It protects you from fire.
   rC:        It protects you from cold.
   rPois:     It protects you from poison.
   Will:      It increases your willpower.
 k - a +0 dagger of flaming
 F - a +1 hand axe of venom
 H - the +6 hammer of Infection {drain, rPois}
   (You found it on level 7 of the Dungeon)

   rPois:     It protects you from poison.
 I - the +8 flail "Waull" {heavy, *Rage rElec Dex+3}
   (You found it on level 2 of the Spider Nest)

   Dex:       It affects your dexterity (+3).
   rElec:     It insulates you from electricity.
   *Rage:     It berserks you when you make melee attacks (+20% chance).
Missiles
 e - 4 javelins
 s - 23 boomerangs (quivered)
 v - 5 curare-tipped darts
 y - 5 silver boomerangs
 z - 73 poisoned darts
Armour
 c - a +4 troll leather armour (worn)
 d - a scarf of resistance (worn)
 P - the +3 hat of Pondering (worn) {ponderous, Will+ MP+10 Int+5}
   (You took it off Gastronok on level 3 of the Lair of Beasts)

   Int:       It affects your intelligence (+5).
   MP:        It affects your magic capacity (+10).
   Will:      It increases your willpower.
 S - the +3 leather armour "Lysonu" {rElec MP+9 Dex+2}
   (You found it on level 1 of the Lair of Beasts)

   Dex:       It affects your dexterity (+2).
   rElec:     It insulates you from electricity.
   MP:        It affects your magic capacity (+9).
Jewellery
 j - a ring of protection from cold
 l - the ring "Tegyng" (right hand) {rPois rN+ Slay+3}
   (You acquired it on level 2 of the Orcish Mines)

   [ring of positive energy]

   Slay:      It affects your accuracy & damage with ranged weapons and melee
   (+3).
   rPois:     It protects you from poison.
   rN:        It protects you from negative energy.
 t - a +6 ring of strength
 B - a +6 ring of strength
 W - a ring of see invisible (left hand)
Wands
 g - a wand of digging (4)
 u - a wand of charming (24)
 E - a wand of roots (27)
 N - a wand of polymorph (4)
 O - a wand of flame (12)
 Y - a wand of light (6)
Scrolls
 n - 2 scrolls of amnesia
 p - 2 scrolls of enchant armour
 w - 2 scrolls of fear
 x - a scroll of teleportation
 A - 2 scrolls of poison
 C - 2 scrolls of enchant weapon
 K - 3 scrolls of magic mapping
 L - a scroll of fog
 M - a scroll of brand weapon
 X - a scroll of identify
Potions
 b - a potion of might
 f - 4 potions of berserk rage
 m - 3 potions of resistance
 o - 2 potions of flight
 q - 8 potions of curing
 r - a potion of haste
 D - a potion of cancellation
 G - 3 potions of brilliance
 R - a potion of ambrosia
 U - 2 potions of lignification


   Skills:
 - Level 10.0 Fighting
 - Level 4.0 Short Blades
 - Level 14.0 Maces & Flails
 + Level 8.8 Throwing
 - Level 9.0 Armour
 - Level 8.0 Dodging
 - Level 18.0 Invocations
 - Level 9.0 Evocations


You had 15 spell levels left.
You didn't know any spells.
Your spell library contained the following spells:

 Spells                   Type           Power      Damage    Failure   Level
 Kiss of Death            Conj/Necr      0%         2d5       30%         1
 Sandblast                Erth           0%         2d4       30%         1
 Cigotuvi's Dreadful Rot  Necr/Pois/Air  0%         N/A       41%         2
 Lesser Beckoning         Tloc           0%         N/A       41%         2
 Passwall                 Tmut/Erth      0%         N/A       41%         2
 Poisonous Vapours        Pois/Air       0%         N/A       41%         2
 Confusing Touch          Hex            0%         N/A       65%         3
 Dazzling Flash           Conj/Hex       0%         N/A       65%         3
 Gell's Gravitas          Tloc           0%         N/A       65%         3
 Mephitic Cloud           Conj/Pois/Air  0%         N/A       65%         3
 Ozocubu's Armour         Ice            0%         N/A       65%         3
 Stone Arrow              Conj/Erth      0%         3d7       65%         3
 Teleport Other           Tloc           0%         N/A       65%         3
 Dispel Undead            Necr           0%         3d6       96%         4
 Summon Ice Beast         Ice/Summ       0%         N/A       96%         4
 Freezing Cloud           Conj/Ice/Air   0%         6-21      100%        5
 Death Channel            Necr           0%         N/A       100%        6
 Enfeeble                 Hex            0%         N/A       100%        7


Dungeon Overview and Level Annotations

Branches:
Dungeon (10/15)            Temple (1/1) D:4            Lair (5/5) D:8
  Swamp (0/4) Lair:2       Spider (3/4) Lair:3        Slime (0/5) Lair:4
    Orc (2/2) D:9             Elf (0/3) Orc:2

Altars:
Ashenzari
Cheibriados
Dithmenos
Fedhas
Gozag
Hepliaklqana
Kikubaaqudgha
Makhleb
Nemelex Xobeh
Okawaru
Qazlal
Ru
Sif Muna
Trog
Uskayaw
Vehumet
Wu Jian
Xom
Yredelemnul
Jiyva

Shops:
D:2 =   Orc:2 (![?!??=*

Annotations:
Lair:4 2 transporters, lunkers's ghost, journeyman MeWn


Innate Abilities, Weirdness & Mutations

You regenerate a little health from kills.
You sometimes gain power by taking damage.
You are robust. (+10% HP)
You are completely covered in razor-sharp scales. (AC +3, Slay +3)
Your touch may irresistibly damage your foes and sap their willpower.
Your magical capacity is low. (-10% MP)
Your muscles are strong. (Str +4, Int/Dex -1)


Message History

The culicivora draws strength from your injuries!
Unknown command.
You barely miss the culicivora.
The culicivora is heavily wounded.
You feel sick.
The entropy weaver shouts!
The emperor scorpion closely misses you.
The emperor scorpion claws you.
* * * LOW HITPOINT WARNING * * *
The emperor scorpion misses you. The culicivora misses you.
Unknown command.
Unknown command.
Okay, then.
Throw: throwing net
Press: ? - help, Shift-Dir - straight line, f - emperor scorpion
Aim: an emperor scorpion (80% to hit, immune to nets)
You throw a throwing net.
The throwing net hits the emperor scorpion.
The emperor scorpion is too large for the net to hold!
You feel sick. The emperor scorpion misses you.
The emperor scorpion completely misses you.
The emperor scorpion claws you but does no damage.
The culicivora bites you.
* * * LOW HITPOINT WARNING * * *
The culicivora draws strength from your injuries!
Unknown command.
Unknown command.
Aiming: Bolt of Light
Press: ? - help, Shift-Dir - straight line, f/p - emperor scorpion
Aim: an emperor scorpion (84% to hit)
The bolt of light hits the emperor scorpion!
The emperor scorpion is lightly wounded.
The emperor scorpion is blinded.
You feel sick. The culicivora misses you. The emperor scorpion misses you.
The emperor scorpion completely misses you.
The emperor scorpion closely misses you.
Unknown command.
As you read the scroll of teleportation, it crumbles to dust.
You feel strangely unstable.
You feel sick. The culicivora bites you!
You die...

#...####......#...........
####...#...^..###...........
##..#..##........#........#..
##...)..#.........#...........
####.............#..##.........##
.................#...#...#.....#.
..........[......#####.....#...#.
.#.............s.^.............##
.##..#......#..s@........!....###
...........)####......^.......#..
..............^#..............###
..........#...##.................
..........#####.....B............
..........# #...................
#..<......#####..................
######......#.#..........>.......
#.....#.##...^.^............


You could see an emperor scorpion (blind), an entropy weaver and a culicivora.

Vanquished Creatures
  Gastronok (Lair:3)
  2 emperor scorpions
  A ghost moth (Spider:1)
  2 orc warlords (Orc:2)
  A spark wasp (Spider:1)
  3 ettins
  3 entropy weavers
  3 hydras
  3 centaur warriors (D:9)
  A radroach (Spider:2)
  3 two-headed ogres
  2 boulder beetles
  3 orc high priests
  A sun moth (Spider:1)
  3 pharaoh ants
  5 orb spiders
  2 bog bodies (Lair:2)
  A wizard (D:9)
  9 orc knights
  4 orc sorcerers (Orc:2)
  8 wolf spiders
  A cyclops (D:10)
  19 elephants
  2 demonic crawlers
  3 black mambas
  4 torpor snails
  10 cane toads
  An unseen horror (D:10)
  11 komodo dragons
  3 rime drakes
  6 trolls
  4 polar bears (Lair:5)
  3 meliai (Spider:1)
  9 tarantellas
  4 hornets
  15 blink frogs
  6 saltlings (Orc:2)
  A slime creature (D:9)
  9 dream sheep
  14 culicivoras
  22 jumping spiders
  A wraith (D:9)
  13 spriggans (Lair:5)
  22 yaks
  A shadow (D:9)
  A basilisk (Lair:2)
  2 wyverns
  3 steam dragons
  51 redbacks
  10 water moccasins
  5 wargs
  5 black bears
  A sky beast (D:6)
  27 orc warriors
  22 wolves
  23 ogres
  4 boggarts (Lair:5)
  3 centaurs (D:9)
  2 phantoms (D:6)
  11 kobold brigands
  4 bullfrogs
  6 scorpions
  5 gnoll sergeants
  7 wights
  2 killer bees
  12 howler monkeys
  A centaur zombie (D:4)
  A bullfrog zombie (D:4)
  A jelly (D:5)
  Crazy Yiuf (D:7)
  18 orc priests
  A gnoll bouda (D:6)
  12 hounds
  A sleepcap (D:8)
  15 orc wizards
  A hound zombie (D:4)
  A howler monkey zombie (D:4)
  14 gnolls
  4 adders
  2 shadow imps
  A white imp (D:4)
  2 worms
  2 dart slugs
  85 orcs
  4 bats
  8 endoplasms
  5 giant cockroaches
  9 goblins
  5 hobgoblins
  3 jackals (D:1)
  4 quokkas
  16 ball pythons
  3 frilled lizards
  27 kobolds
  7 rats
705 creatures vanquished.

Vanquished Creatures (collateral kills)
  A centaur warrior (D:10)
  A troll (Orc:2)
  A jumping spider (Spider:2)
  A redback (Spider:2)
  3 orc warriors (Orc:2)
  An ogre (Orc:2)
  An orc priest (Orc:2)
  An orc wizard (Orc:2)
  5 orcs (Orc:2)
15 creatures vanquished.

Vanquished Creatures (others)
  A human (D:6)
  An orc (Orc:2)
  A kobold (D:6)
  10 fungi
  4 pillars of salt (Orc:2)
  26 plants
43 creatures vanquished.

Grand Total: 763 creatures vanquished

Notes
Turn   | Place    | Note
-------+----------+-------------------------------------------
     0 | D:1      | Newt the Demonspawn Gladiator began the quest for the Orb.
     0 | D:1      | Reached XP level 1. HP: 16/16 MP: 1/1
   267 | D:1      | Gained mutation: You are partially covered in razor-sharp
                  | scales. (AC +1, Slay +1) [demonic ancestry]
   267 | D:1      | Reached XP level 2. HP: 20/23 MP: 2/2
   544 | D:1      | Gained mutation: Your touch may inflict minor irresistible
                  | damage on your foes. [demonic ancestry]
   544 | D:1      | Reached XP level 3. HP: 26/29 MP: 3/3
  1243 | D:2      | Found Koinkeki's Jewellery Emporium.
  1297 | D:2      | Got the Octavo of Hyperborean Ill Luck
  1489 | D:2      | Gained mutation: You are mostly covered in razor-sharp
                  | scales. (AC +2, Slay +2) [demonic ancestry]
  1489 | D:2      | Reached XP level 4. HP: 35/37 MP: 4/4
  1532 | D:2      | Found a shimmering altar of Xom.
  2086 | D:3      | Found a sacrificial altar of Ru.
  2187 | D:3      | Found a hide-covered altar of Uskayaw.
  2194 | D:3      | Found a bloodstained altar of Trog.
  2194 | D:3      | Found a broken altar of Ashenzari.
  2986 | D:4      | Gained mutation: You are completely covered in razor-sharp
                  | scales. (AC +3, Slay +3) [demonic ancestry]
  2986 | D:4      | Reached XP level 5. HP: 29/42 MP: 5/5
  3083 | D:4      | Noticed an ogre
  3094 | D:4      | Killed an ogre
  3095 | D:4      | Gained mutation: You sometimes gain a little power by
                  | taking damage. [demonic ancestry]
  3095 | D:4      | Reached XP level 6. HP: 28/48 MP: 6/6
  3280 | D:4      | Found a basalt altar of Yredelemnul.
  3712 | D:4      | Found a staircase to the Ecumenical Temple.
  3906 | Temple   | Entered the Ecumenical Temple
  4039 | Temple   | Became a worshipper of Makhleb the Destroyer
  4082 | D:5      | Entered Level 5 of the Dungeon
  4167 | D:5      | Gained mutation: You regenerate a little health from kills.
                  | [demonic ancestry]
  4167 | D:5      | Reached XP level 7. HP: 54/54 MP: 7/7
  4193 | D:5      | Identified a scroll of acquirement
  4193 | D:5      | Acquired a +6 ring of strength
  4211 | D:5      | Reached skill level 5 in Dodging
  4721 | D:5      | Reached skill level 5 in Fighting
  5020 | D:6      | Found an opulent altar of Gozag.
  5166 | D:6      | Gained mutation: Your touch may inflict irresistible damage
                  | on your foes. [demonic ancestry]
  5166 | D:6      | Reached XP level 8. HP: 64/64 MP: 8/8
  5325 | D:6      | Reached skill level 5 in Throwing
  5351 | D:6      | Reached * piety under Makhleb
  5680 | D:6      | Gained mutation: You are robust. (+10% HP) [demonic
                  | ancestry]
  5680 | D:6      | Reached XP level 9. HP: 52/81 MP: 9/9
  6274 | D:6      | Found an ancient bone altar of Kikubaaqudgha.
  6540 | D:6      | Reached ** piety under Makhleb
  6769 | D:6      | Noticed a two-headed ogre
  6795 | D:6      | Killed a two-headed ogre
  7001 | D:6      | Reached skill level 1 in Evocations
  7118 | D:6      | Reached XP level 10. HP: 65/88 MP: 10/10
  7547 | D:7      | Found a hazy altar of Hepliaklqana.
  7865 | D:7      | Found an iron altar of Okawaru.
  8447 | D:7      | Found a runed translucent door.
  8448 | D:7      | Noticed Crazy Yiuf
  8452 | D:7      | Killed Crazy Yiuf
  8454 | D:7      | Identified the +6 hammer of Infection {drain, rPois}
  8586 | D:8      | Reached skill level 1 in Maces & Flails
  8616 | D:8      | Reached *** piety under Makhleb
  8618 | D:8      | Found a staircase to the Lair.
  9163 | D:8      | Found an ornate altar of the Wu Jian Council.
  9186 | D:8      | Reached skill level 5 in Maces & Flails
  9642 | D:9      | Noticed a centaur warrior
  9642 | D:9      | Noticed a centaur warrior
  9643 | D:9      | Noticed a centaur warrior
 10266 | D:9      | Reached **** piety under Makhleb
 10274 | D:9      | Reached XP level 11. HP: 83/94 MP: 11/11
 10288 | D:9      | Killed a centaur warrior
 10356 | D:9      | Killed a centaur warrior
 10507 | D:9      | Found a staircase to the Orcish Mines.
 10609 | D:9      | Identified the +1 pair of gloves of Fedhas's Grace {rElec
                  | Int+3 Dex+4}
 10623 | D:9      | Noticed a wizard
 10631 | D:9      | Killed a wizard
 10639 | D:9      | Killed a centaur warrior
 10663 | D:9      | Reached skill level 10 in Maces & Flails
 10663 | D:9      | Reached skill level 1 in Invocations
 10744 | D:9      | Reached skill level 2 in Invocations
 10987 | D:9      | Reached skill level 3 in Invocations
 11291 | D:9      | Found a radiant altar of Vehumet.
 11307 | D:9      | Reached skill level 4 in Invocations
 11461 | D:9      | Reached skill level 5 in Invocations
 11550 | D:9      | Noticed a two-headed ogre
 11555 | D:9      | Killed a two-headed ogre
 11556 | D:9      | Reached skill level 6 in Invocations
 11749 | D:10     | Entered Level 10 of the Dungeon
 11891 | D:10     | Reached skill level 7 in Invocations
 12000 | D:10     | Found a blossoming altar of Fedhas.
 12086 | D:10     | Reached ***** piety under Makhleb
 12096 | D:10     | Found a runed translucent door.
 12519 | D:10     | Reached skill level 8 in Invocations
 12549 | D:10     | Noticed a centaur warrior
 12550 | D:10     | Noticed an orc high priest
 12566 | D:10     | Killed a centaur warrior
 12570 | D:10     | Reached skill level 9 in Invocations
 12572 | D:10     | Killed an orc high priest
 12573 | D:10     | Reached XP level 12. HP: 101/101 MP: 17/19
 12710 | Lair:1   | Entered Level 1 of the Lair of Beasts
 12717 | Lair:1   | Identified the +3 leather armour "Lysonu" {rElec MP+9
                  | Dex+2}
 13180 | Lair:1   | Reached skill level 10 in Invocations
 13976 | Lair:2   | Found a staircase to the Swamp.
 15552 | Lair:3   | Gained mutation: You sometimes gain power by taking damage.
                  | [demonic ancestry]
 15552 | Lair:3   | Reached XP level 13. HP: 106/107 MP: 20/20
 15992 | Lair:3   | Found a hole to the Spider Nest.
 16227 | Lair:3   | Noticed Gastronok
 16240 | Lair:3   | Killed Gastronok
 16425 | Lair:4   | Reached skill level 5 in Armour
 16519 | Lair:4   | Found a staircase to the Slime Pits.
 16519 | Lair:4   | Found a viscous altar of Jiyva.
 16589 | Lair:4   | Found a transporter.
 16593 | Lair:4   | Found a transporter.
 16773 | Lair:4   | Noticed lunkers's ghost (journeyman MeWn)
 17073 | Lair:5   | Entered Level 5 of the Lair of Beasts
 18168 | Lair:5   | Reached skill level 11 in Invocations
 18387 | Lair:5   | Reached skill level 12 in Invocations
 18434 | Lair:5   | Reached XP level 14. HP: 115/115 MP: 23/23
 19363 | Orc:1    | Entered Level 1 of the Orcish Mines
 19370 | Orc:1    | Reached skill level 13 in Invocations
 19705 | Orc:1    | Reached ****** piety under Makhleb
 20010 | Orc:1    | You fall into a shaft and drop 1 floor!
 20010 | Orc:2    | Entered Level 2 of the Orcish Mines
 20011 | Orc:2    | Noticed an orc warlord
 20028 | Orc:2    | Killed an orc warlord
 20029 | Orc:2    | Reached skill level 14 in Invocations
 20029 | Orc:2    | Reached skill level 5 in Evocations
 20030 | Orc:2    | Found Fiv Alo's Antique Armour Shoppe.
 20160 | Orc:2    | Found a staircase to the Elven Halls.
 20161 | Orc:2    | Found Jyecuck's Magic Scroll Shoppe.
 20164 | Orc:2    | Bought a scroll of identify for 24 gold pieces
 20164 | Orc:2    | Bought a scroll of identify for 24 gold pieces
 20166 | Orc:2    | Reached XP level 15. HP: 121/121 MP: 25/25
 20169 | Orc:2    | Found Pukhir's Distillery.
 20232 | Orc:2    | Bought a potion of heal wounds for 85 gold pieces
 20232 | Orc:2    | Bought a potion of berserk rage for 85 gold pieces
 20487 | Orc:2    | Found Tuoson's Antique Weapon Boutique.
 20493 | Orc:2    | Found Eklyoqot's Distillery.
 20495 | Orc:2    | Bought an ancient flail for 229 gold pieces
 20495 | Orc:2    | Identified the +4 flail of Ragnarok {vamp, rPois rF+ rC+
                  | Will+} (You bought it in a shop on level 2 of the Orcish
                  | Mines)
 20502 | Orc:2    | Bought a potion of mutation for 104 gold pieces
 20502 | Orc:2    | Bought a potion of mutation for 104 gold pieces
 20502 | Orc:2    | Bought a potion of mutation for 104 gold pieces
 20502 | Orc:2    | Gained mutation: You occasionally lose the ability to read
                  | scrolls when taking damage. [potion of mutation]
 20503 | Orc:2    | Lost mutation: You occasionally lose the ability to read
                  | scrolls when taking damage. [potion of mutation]
 20503 | Orc:2    | Gained mutation: You are weak. (Str -2) [potion of
                  | mutation]
 20503 | Orc:2    | Gained mutation: Your movements are slightly less
                  | encumbered by armour. (ER -2) [potion of mutation]
 20503 | Orc:2    | Gained mutation: You expend magic power (3 MP) to
                  | strengthen your wands. [potion of mutation]
 20504 | Orc:2    | Lost mutation: You expend magic power (3 MP) to strengthen
                  | your wands. [potion of mutation]
 20504 | Orc:2    | Lost mutation: Your movements are slightly less encumbered
                  | by armour. (ER -2) [potion of mutation]
 20504 | Orc:2    | Lost mutation: You are weak. (Str -2) [potion of mutation]
 20504 | Orc:2    | Gained mutation: You sometimes lose your temper in combat.
                  | [potion of mutation]
 20504 | Orc:2    | Gained mutation: Your muscles are strong. (Str +4, Int/Dex
                  | -1) [potion of mutation]
 20505 | Orc:2    | Lost mutation: You sometimes lose your temper in combat.
                  | [potion of mutation]
 20505 | Orc:2    | Lost mutation: Your muscles are strong. (Str +4, Int/Dex
                  | -1) [potion of mutation]
 20505 | Orc:2    | Gained mutation: You have a somewhat thin skeletal
                  | structure. (Dex +2, Stealth+) [potion of mutation]
 20505 | Orc:2    | Gained mutation: You are resistant to electric shocks.
                  | (rElec) [potion of mutation]
 20702 | Orc:2    | Found Viocian's Magic Scroll Shoppe.
 20713 | Orc:2    | Bought a scroll of acquirement for 572 gold pieces
 20716 | Orc:2    | Acquired the ring "Tegyng" {rPois rN+ Slay+3}
 20813 | Orc:2    | Noticed an Executioner
 21031 | Orc:2    | Reached skill level 10 in Fighting
 21066 | Orc:2    | Found Ycidyneja's Jewellery Shop.
 21076 | Orc:2    | Found Jochet's General Store.
 21081 | Orc:2    | Bought 5 boomerangs for 120 gold pieces
 21099 | Orc:2    | Found Dirui's Magic Scroll Boutique.
 21126 | Orc:2    | Bought 3 scrolls of enchant armour for 315 gold pieces
 21350 | Spider:1 | Entered Level 1 of the Spider Nest
 21447 | Lair:3   | Reached skill level 15 in Invocations
 21734 | Spider:1 | Noticed an emperor scorpion
 21768 | Lair:3   | Killed an emperor scorpion
 22196 | Spider:1 | Reached skill level 16 in Invocations
 22438 | Spider:1 | Reached skill level 17 in Invocations
 22542 | Spider:1 | Gained mutation: Your touch may irresistibly damage your
                  | foes and sap their willpower. [demonic ancestry]
 22542 | Spider:1 | Reached XP level 16. HP: 82/134 MP: 28/28
 22718 | Spider:1 | Reached skill level 18 in Invocations
 23401 | Spider:2 | Gained mutation: Your body sometimes deteriorates upon
                  | taking damage. [mutagenic glow]
 23565 | Spider:2 | Lost mutation: You are resistant to electric shocks.
                  | (rElec) [potion of mutation]
 23565 | Spider:2 | Lost mutation: You have a somewhat thin skeletal structure.
                  | (Dex +2, Stealth+) [potion of mutation]
 23565 | Spider:2 | Gained mutation: You passively map a small area around you.
                  | [potion of mutation]
 23565 | Spider:2 | Gained mutation: Your magical capacity is low. (-10% MP)
                  | [potion of mutation]
 23566 | Spider:2 | Lost mutation: Your magical capacity is low. (-10% MP)
                  | [potion of mutation]
 23566 | Spider:2 | Lost mutation: You passively map a small area around you.
                  | [potion of mutation]
 23566 | Spider:2 | Gained mutation: Your system is resistant to poisons.
                  | (rPois) [potion of mutation]
 23566 | Spider:2 | Gained mutation: You have a pair of small horns on your
                  | head. [potion of mutation]
 23567 | Spider:2 | Lost mutation: Your system is resistant to poisons. (rPois)
                  | [potion of mutation]
 23567 | Spider:2 | Lost mutation: Your body sometimes deteriorates upon taking
                  | damage. [potion of mutation]
 23567 | Spider:2 | Lost mutation: You have a pair of small horns on your head.
                  | [potion of mutation]
 23567 | Spider:2 | Gained mutation: Your magical capacity is low. (-10% MP)
                  | [potion of mutation]
 23567 | Spider:2 | Gained mutation: Your muscles are strong. (Str +4, Int/Dex
                  | -1) [potion of mutation]
 23763 | Spider:2 | Identified the +8 flail "Waull" {heavy, *Rage rElec Dex+3}
 25270 | Spider:2 | Slain by a culicivora

Illustrated notes

Levels and vault maps discovered:
D:1:      beargit_arrival_greenhouse, layout_loops_ring,
          minmay_misc_feat_secret_circle
D:2:      layout_basic, serial_shops, nicolae_shop_tiny_real_fake_doors,
          basic_altar
D:3:      layout_loops_ring, mainiacjoe_overflow_alcove_2, minitemple,
          grunt_ministairs_9, kennysheep_potato
D:4:      layout_cave_pools, nicolae_yredelemnul_corpse_copse,
          minmay_temple_entry_nine_rooms, minmay_misc_feat_diagonals
D:5:      layout_loops_ring, mainiacjoe_overflow_chevrons
D:6:      lemuel_castle_with_subvaults [lemuel_castle_interior_carwin_1],
          layout_loops_corners, nicolae_overflow_crystal_walls,
          tgw_kikubaaqudgha
D:7:      layout_gridville, kennysheep_little_box,
          mainiacjoe_overflow_tiny_flanked, uniq_crazy_yiuf_cottage
D:8:      layout_loops_ring, nicolae_wu_jian_immortal_techniques,
          david_lair_shrubbed, wad_floor_pattern_untrapped, st_stairs_8
D:9:      minmay_the_grid_plus [minmay_the_grid_small_cups,
          minmay_the_grid_dragon_a, minmay_the_grid_plusring,
          minmay_the_grid_garden, minmay_the_grid_prize_four_corners],
          layout_cave_pods, kennysheep_mini,
          kennysheep_orc_monster_closet_entryway, special_room
          [special_room_orc]
D:10:     layout_irregular_city, mainiacjoe_overflow_24_doors, wad_hexagon
Temple:   nicolae_temple_figure_zero
Lair:1:   layout_cave_pods
Lair:2:   layout_cave_shapes, skrybe_swamp_entry_bodies
Lair:3:   layout_chaotic_city, nicolae_spider_entry_orb_guardian,
          grunt_megastairs_3, serial_bayou_shore_b, infiniplex_staircase_pool_2,
          uniq_gastronok
Lair:4:   layout_roguey, slime_entry_1, gammafunk_ghost_hive
Lair:5:   minmay_lair_end_enchanted_forest, layout_cellular_growth,
          small_statue_intersection, grunt_megastairs_4, serial_bayou_shore_a
Spider:1: layout_spider_delve, nicolae_spider_baby_got_redback
Spider:2: layout_spider_delve
Spider:3: nicolae_spider_hilbert_zone_5 [nicolae_spider_hilbert_3_sides_1_open,
          nicolae_spider_hilbert_4_sides_1_open,
          nicolae_spider_hilbert_4_sides_1_open,
          nicolae_spider_hilbert_6_sides_1_open,
          nicolae_spider_hilbert_6_sides_1_open], uniq_louise
Orc:1:    layout_caves
Orc:2:    hellmonk_orc_salted, layout_caves, serial_shops, shop, shop,
          nicolae_shop_industrial_runoff, nicolae_shop_behind_doors, shop

Skill      XL: |  1  2  3  4  5  6  7  8  9 10 11 12 13 14 15 16 |
---------------+-------------------------------------------------+-----
Fighting       | 3 4 6 8 10 | 10.0
Throwing       | 2 3 4 6 8 |  8.8
Short Blades   | 3 4 |  4.0
Dodging        | 4 5 8 |  8.0
Armour         | 4 9 |  9.0
Evocations     | 3 4 8 9 |  9.0
Maces & Flails | 7 10 13 14 | 14.0
Invocations    | 9 10 12 14 17 18 | 18.0

Action                     |  1- 3 |  4- 6 |  7- 9 | 10-12 | 13-15 | 16-18 || total
---------------------------+-------+-------+-------+-------+-------+-------++-------
  Melee: Rapier            |   126 |       |       |       |       |       ||   126
         Dagger            |    46 |    44 |       |       |       |       ||    90
         Touch             |     9 |    24 |    48 |   112 |   236 |    47 ||   476
         Punch             |     2 |     1 |     4 |     7 |     8 |     3 ||    25
         Short sword       |       |    79 |   251 |    78 |       |       ||   408
         Mace              |       |       |       |   492 |   598 |       ||  1090
         Flail             |       |       |       |       |   388 |   221 ||   609
  Throw: Throwing net      |     2 |     2 |     2 |       |       |     1 ||     7
         Boomerang         |       |       |    13 |    12 |    12 |    45 ||    82
         Javelin           |       |       |     2 |     4 |     4 |       ||    10
         Dart              |       |       |     6 |       |     3 |       ||     9
 Invoke: Lesser Servant of |       |       |       |     2 |     1 |       ||     3
         Greater Servant o |       |       |       |       |     3 |     2 ||     5
         Major Destruction |       |       |       |       |     1 |       ||     1
  Evoke: Wand              |       |       |       |     3 |     3 |     1 ||     7
    Use: Scroll            |       |     8 |     3 |     8 |    16 |     5 ||    40
         Potion            |       |     3 |       |       |     6 |     7 ||    16
   Stab: Sleeping          |     1 |       |     1 |     2 |     1 |       ||     5
         Held in net/web   |       |     1 |       |       |       |       ||     1
         Distracted        |       |       |       |     1 |     1 |       ||     2
         Invisible         |       |       |       |       |     1 |       ||     1
 Armour: Leather armour    |    49 |    43 |    55 |   116 |   180 |       ||   443
         Steam dragon scal |       |       |       |    78 |       |       ||    78
         Troll leather arm |       |       |       |       |   301 |   146 ||   447
  Dodge: Dodged            |   115 |    73 |   166 |   567 |  1033 |   349 ||  2303

Table legend: (Time is in decaauts)
 A = Elapsed time spent in this place.
 B = Non-inter-level travel time spent in this place.
 C = Inter-level travel time spent in this place.
 D = Time resting spent in this place.
 E = Time spent auto-exploring this place.
 F = Levels seen in this place.
 G = Mean time per level.
                   A        B        C        D        E       F      G
               +--------+--------+--------+--------+--------+-----+--------+
         Total |  25330 |  24204 |   1126 |   7124 |  12778 |  21 | 1206.2 |
       Dungeon |  12923 |  12343 |    580 |   3586 |   6809 |  10 | 1292.3 |
        Temple |    146 |    114 |     32 |      0 |    112 |   1 |  146.0 |
          Lair |   7399 |   7076 |    323 |   1823 |   4199 |   5 | 1479.8 |
   Spider Nest |   3242 |   3164 |     78 |   1548 |    710 |   3 | 1080.7 |
  Orcish Mines |   1618 |   1507 |    111 |    166 |    947 |   2 |  809.0 |
               +--------+--------+--------+--------+--------+-----+--------+

Top non-repeatable levels by time:
     D:6: 2103 daAuts
     D:9: 2072 daAuts
  Lair:3: 1906 daAuts
Spider:1: 1841 daAuts
  Lair:5: 1767 daAuts
     D:8: 1627 daAuts
  Lair:2: 1533 daAuts
Spider:2: 1374 daAuts
     D:5: 1307 daAuts
     D:3: 1295 daAuts
  Lair:4: 1234 daAuts
   Orc:2: 1181 daAuts
     D:1: 1000 daAuts
     D:4: 983 daAuts
     D:7: 982 daAuts
